AoeStats
← b站江条

Arabia

505191415Analyzed
1v1 RM · 24d ago on Sep 8, 2026· 28m 39s· 2 players
Game mode
Random Map
Map size
Tiny (2 player)
Population
200
Speed
Normal
Resources
Standard
Victory
Conquest
Starting age
Dark Age
Ending age
Imperial Age
RankedLock teamsTeams togetherTeam positionsShared explorationLock speedFull tech treeHidden civsTurbo modeCheats
Victory
Defeat
🇨🇳 Maya · China
1325
+13
🇨🇱 Mongols · Chile
1270
-13
b站江条
0:25 Loom
8:43 Feudal Age
9:48 Double-Bit Axe
12:23 Town Watch
14:39 Fletching
16:41 Horse Collar
21:30 Castle Age
21:01 Gold Mining
21:53 Padded Archer Armor
21:42 Crossbowman
22:48 Bow Saw
24:05 Bodkin Arrow
28:12 Leather Archer Armor
[CL]Sendoh
1:57 Loom
9:09 Feudal Age
11:26 Town Watch
20:11 Wheelbarrow
19:18 Horse Collar
23:37 Castle Age
23:26 Bloodlines
23:23 Double-Bit Axe
23:58 Fletching
24:31 Scale Barding Armor
26:22 Elite Skirmisher
27:59 Husbandry
Connection lost

Rejoining the realm…

Still unreachable

The connection could not be restored.

Session expired

The server has moved on; the page needs a fresh start.